AoeStats
← LoneStarLegion

Arena

506523656Analyzed
1v1 RM · 17d ago on Sep 13, 2026· 26m 36s· 2 players
Game mode
Random Map
Map size
Tiny (2 player)
Population
200
Speed
Normal
Resources
Standard
Victory
Conquest
Starting age
Dark Age
Ending age
Imperial Age
RankedLock teamsTeams togetherTeam positionsShared explorationLock speedFull tech treeHidden civsTurbo modeCheats
Victory
Defeat
🇨🇴 Spanish · Colombia
804
+13
🇺🇸 Burmese · United States
747
-13
LoneStarLegion
2:30 Loom
10:49 Feudal Age
11:20 Horse Collar
15:22 Wheelbarrow
18:01 Castle Age
17:12 Man-at-Arms
17:40 Arson
18:32 Long Swordsman
18:58 Gambesons
22:07 Heavy Plow
25:01 Hand Cart
25:31 Stone Mining
Juanzanahoria
11:59 Feudal Age
12:41 Loom
15:27 Castle Age
13:35 Double-Bit Axe
13:47 Horse Collar
Connection lost

Rejoining the realm…

Still unreachable

The connection could not be restored.

Session expired

The server has moved on; the page needs a fresh start.